BSA
GREENVILLE 84S @ CHICAGO MACHINE
03/15/2029
 
TOP OF THE 1ST
Greenville 84s batting - Pitching for Chicago Machine : RHP Ron Martin
Pitching: RHP Ron Martin
Batting: RHB Carlos Torres 0-0: Called Strike
0-1: Ball
1-1: Foul Ball, location: 2F
1-2: SINGLE (Line Drive, 89S)
Batting: LHB Paco Rosas 0-0: Ball
1-0: Fly out, F9 (Line Drive, 9S)
Batting: RHB Enzo Díaz 0-0: Called Strike
0-1: Ball
1-1: Foul Ball, location: 2F
1-2: Ball
2-2: Ball
Pickoff Throw to First - Error! E1
Carlos Torres to second
3-2: Base on Balls
Batting: LHB Juan Cortés 0-0: Ball
1-0: Called Strike
1-1: Ball
2-1: Called Strike
Carlos Torres is caught stealing 3rd base
Enzo Díaz to second
2-2: Fly out, F3 (Line Drive, 34)
Top of the 1st over - 0 runs, 1 hit, 1 error, 1 left on base; Greenville 0 - Chicago 0
BOTTOM OF THE 1ST
Chicago Machine batting - Pitching for Greenville 84s : RHP Andrés Vázquez
Pitching: RHP Andrés Vázquez
Batting: RHB Nick Harris 0-0: Ball
1-0: Called Strike
1-1: Ball
2-1: Ball
3-1: Base on Balls
Batting: RHB Lorenzo Guzmán 0-0: Called Strike
0-1: SINGLE (Groundball, 6MD)
Nick Harris to second
Runner from 2nd tries for 3rd, SAFE, throw made at trailing runner, OUT!
Batting: RHB Doug Stephens 0-0: Ball
1-0: Ball
2-0: Ball
3-0: Base on Balls
Batting: LHB José González 0-0: Ball
1-0: Called Strike
1-1: Ball
2-1: Foul Ball, location: 2F
2-2: Foul Ball, location: 2F
2-2: Ball
3-2: Ground out 4-3 (Groundball, 4S)
Nick Harris scores
Doug Stephens to second
Batting: LHB Fernando Ortíz 0-0: Ball
1-0: Called Strike
1-1: Foul Ball, location: 2F
1-2: Foul Ball, location: 2F
1-2: Ball
2-2: SINGLE (Flyball, 89S)
Doug Stephens to third
Runner from 3rd tries for Home, SAFE, no throw
Batting: RHB Gonzalo Gil 0-0: Ball
1-0: Ball
Fernando Ortíz steals 2nd base
2-0: Foul Ball, location: 2F
2-1: Called Strike
2-2: Ball
3-2: Foul Ball, location: 2F
3-2: Foul Ball, location: 2F
3-2: Foul Ball, location: 2F
3-2: Ground out 5-3 (Groundball, 5S)
Bottom of the 1st over - 2 runs, 2 hits, 0 errors, 1 left on base; Greenville 0 - Chicago 2
TOP OF THE 2ND
Greenville 84s batting - Pitching for Chicago Machine : RHP Ron Martin
Batting: LHB Brock Larsen 0-0: Ball
1-0: Called Strike
1-1: Swinging Strike
1-2: Ball
2-2: Ball
3-2: Strikes out looking
Batting: LHB Jimmy Vickers 0-0: Ball
1-0: Ball
2-0: Ball
3-0: Base on Balls
Batting: LHB Robert Moore 0-0: Ball
1-0: Called Strike
1-1: Ball
2-1: Called Strike
2-2: Ball
3-2: Foul Ball, location: 2F
3-2: Strikes out swinging
Batting: RHB Robert Buckley 0-0: Foul Ball, location: 2F
0-1: 2-RUN HOME RUN (Flyball, 7LD), Distance : 341 ft
Batting: LHB Chris Moore 0-0: Ball
1-0: Ball
2-0: Ball
3-0: Foul Ball, location: 2F
3-1: Called Strike
3-2: Ground out 4-3 (Groundball, 4)
Top of the 2nd over - 2 runs, 1 hit, 0 errors, 0 left on base; Greenville 2 - Chicago 2
BOTTOM OF THE 2ND
Chicago Machine batting - Pitching for Greenville 84s : RHP Andrés Vázquez
Batting: RHB Pablo Sandoval 0-0: Swinging Strike
0-1: Ball
1-1: SINGLE (Line Drive, 56D)
Batting: LHB Denny Poole 0-0: Ball
1-0: Ball
2-0: Called Strike
2-1: Foul Ball, location: 2F
2-2: Foul Ball, location: 2F
2-2: SINGLE (Groundball, 4D)
Pablo Sandoval to second
Runner from 2nd tries for 3rd, OUT!
Batting: RHB Javier Peña 0-0: Called Strike
0-1: Ball
1-1: Ball
2-1: Called Strike
2-2: Foul Ball, location: 2F
2-2: Fly out, F9 (Flyball, 9LM)
Batting: RHB Nick Harris 0-0: Ball
1-0: Foul Ball, location: 2F
1-1: Ball
2-1: Fly out, F4 (Popup, 34)
Bottom of the 2nd over - 0 runs, 2 hits, 0 errors, 1 left on base; Greenville 2 - Chicago 2
TOP OF THE 3RD
Greenville 84s batting - Pitching for Chicago Machine : RHP Ron Martin
Batting: RHB Carlos Torres 0-0: Ball
1-0: Ball
2-0: Ball
3-0: Called Strike
3-1: Foul Ball, location: 2F
3-2: Base on Balls
Batting: LHB Paco Rosas 0-0: Ball
1-0: Ball
Wild Pitch!
Carlos Torres to second
2-0: Ground out 4-3 (Groundball, 34)
Carlos Torres to third
Batting: RHB Enzo Díaz 0-0: Ball
1-0: Ball
2-0: Ball
3-0: Called Strike
3-1: Base on Balls
Batting: LHB Juan Cortés 0-0: Ball
1-0: Ball
2-0: Ball
3-0: Base on Balls
Enzo Díaz to second
Batting: LHB Brock Larsen 0-0: Ball
1-0: Foul Ball, location: 2F
1-1: Called Strike
1-2: Ball
2-2: SINGLE (Groundball, 56) (infield hit)
Carlos Torres scores
Enzo Díaz to third
Juan Cortés to second
Batting: LHB Jimmy Vickers 0-0: Ball
1-0: Fly out, F6 (Popup, 6M)
Batting: LHB Robert Moore 0-0: Called Strike
0-1: Foul Ball, location: 2F
0-2: GRAND SLAM HOME RUN (Flyball, 9LD), Distance : 353 ft
Pitching: RHP Wyatt Anderson
Batting: RHB Robert Buckley 0-0: Ball
1-0: Fly out, F7 (Line Drive, 7S)
Top of the 3rd over - 5 runs, 2 hits, 0 errors, 0 left on base; Greenville 7 - Chicago 2
BOTTOM OF THE 3RD
Chicago Machine batting - Pitching for Greenville 84s : RHP Andrés Vázquez
Batting: RHB Lorenzo Guzmán 0-0: Ball
1-0: Swinging Strike
1-1: Ground out 6-3 (Groundball, 6)
Batting: RHB Doug Stephens 0-0: Ball
1-0: Fly out, F8 (Flyball, 8LS)
Batting: LHB José González 0-0: Foul Ball, location: 2F
0-1: Swinging Strike
0-2: Foul Ball, location: 2F
0-2: Ball
1-2: SINGLE (Line Drive, 6M)
Batting: LHB Fernando Ortíz 0-0: Ball
1-0: Foul Ball, location: 2F
1-1: Called Strike
1-2: Foul Ball, location: 2F
1-2: Ball
2-2: Fly out, F9 (Flyball, 9LS)
Bottom of the 3rd over - 0 runs, 1 hit, 0 errors, 1 left on base; Greenville 7 - Chicago 2
TOP OF THE 4TH
Greenville 84s batting - Pitching for Chicago Machine : RHP Wyatt Anderson
Batting: LHB Chris Moore 0-0: Ball
1-0: Fly out, F8 (Flyball, 89D)
Batting: RHB Carlos Torres 0-0: Fly out, F8 (Line Drive, 8LD)
Batting: LHB Paco Rosas 0-0: Ball
1-0: Called Strike
1-1: Ball
2-1: SINGLE (Line Drive, 8RS)
Batting: RHB Enzo Díaz 0-0: Called Strike
0-1: Ball
1-1: Ball
2-1: SINGLE (Groundball, 56S) (infield hit)
Paco Rosas to second
Batting: LHB Juan Cortés 0-0: Called Strike
0-1: Swinging Strike
0-2: Strikes out swinging
Top of the 4th over - 0 runs, 2 hits, 0 errors, 2 left on base; Greenville 7 - Chicago 2
BOTTOM OF THE 4TH
Chicago Machine batting - Pitching for Greenville 84s : RHP Andrés Vázquez
Batting: RHB Gonzalo Gil 0-0: Called Strike
0-1: Ground out 6-3 (Groundball, 6)
Batting: RHB Pablo Sandoval 0-0: Swinging Strike
0-1: SINGLE (Line Drive, 4MD)
Batting: LHB Denny Poole 0-0: Ball
1-0: Ball
2-0: 2-RUN HOME RUN (Flyball, 9LD), Distance : 344 ft
Batting: RHB Javier Peña 0-0: Ball
1-0: Fly out, F3 (Popup, 3L)
Batting: RHB Nick Harris 0-0: Called Strike
0-1: Foul Ball, location: 2F
0-2: Foul Ball, location: 2F
0-2: Ball
1-2: SINGLE (Line Drive, 89S)
Batting: RHB Lorenzo Guzmán 0-0: Ball
1-0: Ball
Nick Harris steals 2nd base
2-0: Fly out, F4 (Popup, 4MD)
Bottom of the 4th over - 2 runs, 3 hits, 0 errors, 1 left on base; Greenville 7 - Chicago 4
TOP OF THE 5TH
Greenville 84s batting - Pitching for Chicago Machine : RHP Wyatt Anderson
Batting: LHB Brock Larsen 0-0: Called Strike
0-1: Ball
1-1: Ground out 3-1 (Groundball, 34)
Batting: LHB Jimmy Vickers 0-0: Ball
1-0: SOLO HOME RUN (Flyball, 7D), Distance : 393 ft
Batting: LHB Robert Moore 0-0: Called Strike
0-1: Called Strike
0-2: Ball
1-2: Strikes out looking
Batting: RHB Robert Buckley 0-0: Ball
1-0: Ball
2-0: Foul Ball, location: 2F
2-1: Foul Ball, location: 2F
2-2: SINGLE (Groundball, 6MD)
Batting: LHB Chris Moore 0-0: Ball
1-0: Foul Ball, location: 2F
1-1: Foul Ball, location: 2F
1-2: Ground out 5-3 (Groundball, 56)
Top of the 5th over - 1 run, 2 hits, 0 errors, 1 left on base; Greenville 8 - Chicago 4
BOTTOM OF THE 5TH
Chicago Machine batting - Pitching for Greenville 84s : RHP Andrés Vázquez
Pitching: RHP Ricardo Trujillo
Batting: RHB Doug Stephens 0-0: Swinging Strike
0-1: Fly out, F7 (Flyball, 78S)
Batting: LHB José González 0-0: Ball
1-0: SINGLE (Groundball, 4MD)
Batting: LHB Fernando Ortíz 0-0: Ball
1-0: Ball
2-0: SINGLE (Groundball, 34D)
José González to second
Runner from 2nd tries for 3rd, SAFE, throw made to third
Pinch Runner at 3rd Lee Townsend:
Batting: RHB Gonzalo Gil 0-0: Ball
1-0: Called Strike
1-1: DOUBLE (Line Drive, 89XD)
Lee Townsend scores
Fernando Ortíz to third
Batting: RHB Pablo Sandoval 0-0: Ball
1-0: Foul Ball, location: 2F
1-1: Ball
2-1: Fly out, F8 (Flyball, 8LM)
Runner from 3rd tags up, SCORES, throw made
Batting: LHB Denny Poole 0-0: Swinging Strike
0-1: Swinging Strike
0-2: Strikes out swinging
Bottom of the 5th over - 2 runs, 3 hits, 0 errors, 1 left on base; Greenville 8 - Chicago 6
TOP OF THE 6TH
Greenville 84s batting - Pitching for Chicago Machine : RHP Wyatt Anderson
Now in RF: Lee Townsend
Batting: RHB Carlos Torres 0-0: Ball
1-0: Swinging Strike
1-1: Foul Ball, location: 2F
1-2: Strikes out swinging
Batting: LHB Paco Rosas 0-0: Called Strike
0-1: Fly out, F9 (Line Drive, 9D)
Batting: RHB Enzo Díaz 0-0: Ball
1-0: Ball
2-0: Ball
3-0: Called Strike
3-1: Base on Balls
Pinch Hitting: LHB José Costa 0-0: Ball
Enzo Díaz steals 2nd base
1-0: SINGLE (Line Drive, 9LS)
Enzo Díaz to third
Runner from 3rd tries for Home, SAFE, no throw
Pitching: RHP Juan Rodríguez
Batting: LHB Brock Larsen 0-0: Fielders Choice at 2nd, 5-4 (Groundball, 5)
Top of the 6th over - 1 run, 1 hit, 0 errors, 1 left on base; Greenville 9 - Chicago 6
BOTTOM OF THE 6TH
Chicago Machine batting - Pitching for Greenville 84s : RHP Ricardo Trujillo
Pitching: RHP Claudio Romero
Now in LF: José Costa
Batting: RHB Javier Peña 0-0: Ball
1-0: Ground out 1-3 (Groundball, P)
Pinch Hitting: RHB Roberto Tobías 0-0: Reached on error, E3 (Groundball, 34S)
Pinch Hitting: RHB Will Lott 0-0: Ball
1-0: Ball
2-0: Ball
3-0: Base on Balls
Roberto Tobías to second
Batting: RHB Doug Stephens 0-0: Foul Ball, location: 2F
0-1: Ball
1-1: Swinging Strike
1-2: Ball
Wild Pitch!
Roberto Tobías to third
Will Lott to second
2-2: Fly out, F4 (Flyball, 4D)
Batting: SHB Lee Townsend 0-0: Called Strike
0-1: Ball
1-1: Ball
2-1: SINGLE (Flyball, 9LS)
Roberto Tobías scores
Will Lott to third
Runner from 3rd tries for Home, throw and OUT!
Bottom of the 6th over - 1 run, 1 hit, 1 error, 1 left on base; Greenville 9 - Chicago 7
TOP OF THE 7TH
Greenville 84s batting - Pitching for Chicago Machine : RHP Juan Rodríguez
Now in LF: Bernardo Montés
Now in CF: Carl O'Dell
Batting: LHB Jimmy Vickers 0-0: Ball
1-0: DOUBLE (Flyball, 8LXD)
Batting: RHB Pat Fernández 0-0: Foul Ball, location: 2F
0-1: Swinging Strike
0-2: Ball
1-2: Foul Ball, location: 2F
1-2: Strikes out swinging
Pinch Hitting: RHB Jesús Tisnado 0-0: Ball
1-0: Swinging Strike
1-1: Ball
2-1: SINGLE (Groundball, 6D)
Jimmy Vickers to third
Batting: LHB Chris Moore 0-0: Called Strike
0-1: Ball
1-1: Ball
2-1: Ball
3-1: Base on Balls
Jesús Tisnado to second
Batting: RHB Carlos Torres 0-0: Swinging Strike
0-1: Foul Ball, location: 2F
0-2: Ball
Wild Pitch!
Jimmy Vickers scores
Jesús Tisnado to third
Chris Moore to second
1-2: Ball
2-2: Ball
3-2: Base on Balls
Batting: LHB Paco Rosas 0-0: Ball
1-0: Called Strike
1-1: Ball
2-1: Foul Ball, location: 2F
2-2: Foul Ball, location: 2F
2-2: Foul Ball, location: 2F
2-2: SINGLE (Flyball, 9S)
Jesús Tisnado scores
Chris Moore to third
Carlos Torres to second
Runner from 3rd tries for Home, SAFE, no throw
Batting: RHB Enzo Díaz 0-0: Called Strike
0-1: Called Strike
0-2: Ball
1-2: Grounds into double play, 5-4-3 (Groundball, 56)
Top of the 7th over - 3 runs, 3 hits, 0 errors, 1 left on base; Greenville 12 - Chicago 7
BOTTOM OF THE 7TH
Chicago Machine batting - Pitching for Greenville 84s : RHP Claudio Romero
Now at 3B: Ramiro Chávez
Batting: LHB Tanyu Imai 0-0: Called Strike
0-1: Foul Ball, location: 2F
0-2: Ball
1-2: Foul Ball, location: 2F
1-2: Strikes out swinging
Pinch Hitting: SHB Edward Bartlett 0-0: Ground out U3 (Groundball, 3L)
Pinch Hitting: RHB Tony Parker 0-0: SINGLE (Groundball, 4) (infield hit)
Pinch Hitting: RHB Jesse McKnight 0-0: Called Strike
0-1: Ground out 4-3 (Groundball, 4)
Bottom of the 7th over - 0 runs, 1 hit, 0 errors, 1 left on base; Greenville 12 - Chicago 7
TOP OF THE 8TH
Greenville 84s batting - Pitching for Chicago Machine : RHP Juan Rodríguez
Now at 1B: Jesse McKnight
Now at 3B: Tony Parker
Now at SS: Edward Bartlett
Batting: LHB José Costa 0-0: Called Strike
0-1: SINGLE (Groundball, 6MD)
Batting: LHB Brock Larsen 0-0: Foul Ball, location: 2F
0-1: Foul Ball, location: 2F
0-2: Ball
1-2: Ball
2-2: SINGLE (Line Drive, 78M)
José Costa to second
Batting: LHB Jimmy Vickers 0-0: Ball
Wild Pitch!
José Costa to third
Brock Larsen to second
1-0: Intentional Walk
Batting: RHB Pat Fernández 0-0: Ball
1-0: Ball
2-0: Ball
3-0: Base on Balls
José Costa scores
Brock Larsen to third
Jimmy Vickers to second
Pitching: RHP Aaron Thrash
Batting: RHB Ramiro Chávez 0-0: Called Strike
0-1: Ball
Wild Pitch!
Brock Larsen scores
Jimmy Vickers to third
Pat Fernández to second
1-1: Foul Ball, location: 2F
1-2: Ball
2-2: Fly out, F7 (Flyball, 78D)
Runner from 3rd tags up, SCORES, throw made
Batting: LHB Chris Moore 0-0: Swinging Strike
0-1: Ball
1-1: Fly out, F4 (Line Drive, 4M)
Batting: RHB Carlos Torres 0-0: Ball
1-0: Foul Ball, location: 2F
1-1: Ball
2-1: Foul Ball, location: 2F
2-2: Ball
3-2: SINGLE (Line Drive, 4MD)
Pat Fernández to third
Pat Fernández scores
Batting: LHB Paco Rosas 0-0: Called Strike
Carlos Torres is caught stealing 2nd base
Top of the 8th over - 4 runs, 3 hits, 0 errors, 0 left on base; Greenville 16 - Chicago 7
BOTTOM OF THE 8TH
Chicago Machine batting - Pitching for Greenville 84s : RHP Claudio Romero
Now at C: Tim Brown
Pinch Hitting: LHB Ken Nelson 0-0: Ball
1-0: Fly out, F8 (Flyball, 8RM)
Batting: LHB Bernardo Montés 0-0: Foul Ball, location: 2F
0-1: Fly out, F3 (Popup, 34S)
Batting: RHB Carl O'Dell 0-0: Called Strike
0-1: Ball
1-1: Ball
2-1: Ball
3-1: Foul Ball, location: 2F
3-2: Base on Balls
Batting: RHB Doug Stephens 0-0: Ground out 1-3 (Groundball, P)
Bottom of the 8th over - 0 runs, 0 hits, 0 errors, 1 left on base; Greenville 16 - Chicago 7
TOP OF THE 9TH
Greenville 84s batting - Pitching for Chicago Machine : RHP Aaron Thrash
Now at 2B: Raúl Bauza
Batting: LHB Paco Rosas 0-0: Called Strike
0-1: Ground out U3 (Groundball, 3S)
Batting: RHB Enzo Díaz 0-0: Ball
1-0: Foul Ball, location: 2F
1-1: Ball
2-1: Foul Ball, location: 2F
2-2: Ball
3-2: Fly out, F8 (Flyball, 8LD)
Batting: LHB José Costa 0-0: Ground out 6-3 (Groundball, 6)
Top of the 9th over - 0 runs, 0 hits, 0 errors, 0 left on base; Greenville 16 - Chicago 7
BOTTOM OF THE 9TH
Chicago Machine batting - Pitching for Greenville 84s : RHP Claudio Romero
Batting: SHB Lee Townsend 0-0: SINGLE (Groundball, 4MD)
Batting: LHB Tanyu Imai 0-0: Called Strike
0-1: Ball
1-1: Ball
2-1: Foul Ball, location: 2F
2-2: Grounds into double play, 4-6-3 (Groundball, 4)
Batting: SHB Edward Bartlett 0-0: Called Strike
0-1: Ball
1-1: SOLO HOME RUN (Flyball, 89XD) (Inside the Park)
Batting: RHB Tony Parker 0-0: Ball
1-0: Called Strike
1-1: Called Strike
1-2: Ball
2-2: Foul Ball, location: 2F
2-2: Ball
3-2: Base on Balls
Batting: RHB Jesse McKnight 0-0: Called Strike
0-1: DOUBLE (Flyball, 8LXD)
Tony Parker to third
Batting: RHB Raúl Bauza 0-0: Fly out, F8 (Flyball, 89D)
Bottom of the 9th over - 1 run, 3 hits, 0 errors, 2 left on base; Greenville 16 - Chicago 8
Saturday, December 16th, 2017 - OOTP Baseball 18.8 Build 76